[Event "Titled Tuesday Blitz October 31 Late 2023"]
[White "victormago"]
[Black "Matinian, Nikita"]
[BlackFideId "24129100"]
[WhiteElo "2444"]
[BlackElo "2642"]
[Result "1-0"]
[Round "8"]
[TimeControl "180+1"]
[Date "2023.10.31"]
[WhiteClock "0:00:09"]
[BlackClock "0:00:00"]
[Board "51"]

1. d4 g6 2. c4 Bg7 3. Nc3 d6 4. Nf3 Bg4 5. e3 Nc6 6. h3 Bxf3 7. Qxf3 e5 8. d5 Nce7 9. Qd1 f5 10. h4 Nf6 11. Be2 h5 12. Qa4+ c6 13. Bd2 O-O 14. dxc6 bxc6 15. b4 d5 16. cxd5 cxd5 17. Rd1 d4 18. exd4 exd4 19. Qb3+ Kh7 20. Nb5 Ne4 21. Bf4 Nd5 22. Bc1 a6 23. Nxd4 Ndc3 24. Ne6 Nxd1 25. Nxd8 Ndxf2 26. O-O Raxd8 27. Rxf2 Rfe8 28. Rf1 Bd4+ 29. Kh2 Be5+ 30. Bf4 Bf6 31. Bxa6 Re7 32. a4 Bxh4 33. a5 Nf6 34. Qh3 Ng4+ 35. Kg1 Bf6 36. Qb3 Bd4+ 37. Kh1 Kg7 38. b5 Nf2+ 39. Kh2 Ng4+ 40. Kh3 Nf2+ 41. Rxf2 Bxf2 42. b6 Re4 43. Qc3+ 1-0


[Site "https://www.chess.com"]

[Event "Titled Tuesday Blitz October 31 Late 2023"]
[White "reevecanada"]
[Black "Mystery2007"]
[WhiteElo "2637"]
[BlackElo "2488"]
[Result "1-0"]
[Round "8"]
[TimeControl "180+1"]
[Date "2023.10.31"]
[WhiteClock "0:01:58"]
[BlackClock "0:00:13"]
[Board "52"]

1. e4 c5 2. Nf3 b6 3. Bc4 Bb7 4. d4 cxd4 5. Qxd4 e6 6. Nc3 Bc5 7. Qxg7 Qf6 8. Qxf6 Nxf6 9. e5 Ne4 10. Nxe4 Bxe4 11. Bd3 Bxd3 12. cxd3 Nc6 13. Be3 Bb4+ 14. Ke2 Rg8 15. g3 Rc8 16. Rhc1 Kd8 17. a3 Be7 18. b4 f6 19. d4 Nb8 20. h4 Na6 21. Nd2 Nc7 22. Ne4 f5 23. Nd6 Rb8 24. Bg5 Bxg5 25. hxg5 Nd5 26. Rh1 Rg7 27. f4 b5 28. Rac1 a6 29. Rh6 Ke7 30. Kf3 Rbg8 31. Rch1 Nc3 32. Rxh7 Rxh7 33. Rxh7+ Kd8 34. g4 fxg4+ 35. Kxg4 Ne2 36. d5 Rf8 37. f5 exf5+ 38. Nxf5 Nc3 39. e6 dxe6 40. dxe6 Rg8 41. Rd7+ Ke8 42. Nd6+ Kf8 43. Rf7# 1-0


[Site "https://www.chess.com"]

[Event "Titled Tuesday Blitz October 31 Late 2023"]
[White "Manukyan, Sargis A."]
[Black "Mindhunter08"]
[WhiteFideId "13303970"]
[WhiteElo "2632"]
[BlackElo "2442"]
[Result "1-0"]
[Round "8"]
[TimeControl "180+1"]
[Date "2023.10.31"]
[WhiteClock "0:00:06"]
[BlackClock "0:00:00"]
[Board "53"]

1. d4 d5 2. c4 c6 3. Nc3 e6 4. e3 Nf6 5. Nf3 Nbd7 6. Bd3 dxc4 7. Bxc4 b5 8. Bd3 Bb7 9. O-O a6 10. e4 c5 11. e5 Nd5 12. Re1 Be7 13. dxc5 Nxc5 14. Bb1 Nxc3 15. bxc3 Qxd1 16. Rxd1 Bxf3 17. gxf3 O-O 18. Be3 Na4 19. Be4 Rad8 20. Bb7 a5 21. Bd4 Bc5 22. Bxc5 Nxc5 23. Bc6 b4 24. cxb4 axb4 25. Rab1 Nd3 26. Be4 Nf4 27. h4 Rxd1+ 28. Rxd1 Ne2+ 29. Kg2 Nc3 30. Rd2 Rb8 31. Rb2 Rb5 32. Bd3 Rxe5 33. Rxb4 g6 34. a3 Ra5 35. Rb3 Nd5 36. Bb5 Nb6 37. Bc6 Nc4 38. a4 h5 39. Rb4 Nd6 40. Rb8+ Kg7 41. Ra8 Rc5 42. Ra6 Nf5 43. Kh3 Rc4 44. Be4 Rc2 45. Bxc2 1-0


[Site "https://www.chess.com"]

[Event "Titled Tuesday Blitz October 31 Late 2023"]
[White "Krishnan, Varun"]
[Black "Polaczek, Richard"]
[WhiteFideId "5054508"]
[BlackFideId "200026"]
[WhiteElo "2607"]
[BlackElo "2441"]
[Result "1-0"]
[Round "8"]
[TimeControl "180+1"]
[Date "2023.10.31"]
[WhiteClock "0:00:20"]
[BlackClock "0:00:00"]
[Board "54"]

1. g3 d5 2. Bg2 c6 3. Nf3 Bg4 4. O-O Nd7 5. d4 e6 6. b3 Ngf6 7. Bb2 Bd6 8. Nbd2 O-O 9. Re1 a5 10. a4 h6 11. e4 dxe4 12. Nxe4 Nxe4 13. Rxe4 Bf5 14. Re1 Qc7 15. Qe2 Rfe8 16. Ne5 Nxe5 17. dxe5 Bc5 18. Be4 Bxe4 19. Qxe4 Qb6 20. Qe2 Rad8 21. Red1 Rxd1+ 22. Rxd1 Rd8 23. Rxd8+ Qxd8 24. Qd3 Qxd3 25. cxd3 Bb4 26. Kf1 g5 27. Ke2 Kf8 28. Bc1 Ke7 29. Bd2 Bxd2 30. Kxd2 b5 31. Kc3 Kd7 32. Kd4 g4 33. Ke4 bxa4 34. bxa4 c5 35. f3 gxf3 36. Kxf3 Kc6 37. Ke4 c4 38. dxc4 Kc5 39. Kd3 Kb4 40. g4 Kxa4 41. Kc3 1-0


[Site "https://www.chess.com"]

[Event "Titled Tuesday Blitz October 31 Late 2023"]
[White "Gerbelli Neto, Eduardo"]
[Black "Roberson, Peter T"]
[WhiteFideId "2103281"]
[BlackFideId "412384"]
[WhiteElo "2416"]
[BlackElo "2598"]
[Result "0-1"]
[Round "8"]
[TimeControl "180+1"]
[Date "2023.10.31"]
[WhiteClock "0:00:26"]
[BlackClock "0:01:04"]
[Board "55"]

1. e4 c6 2. d4 d5 3. exd5 cxd5 4. c4 Nf6 5. Nc3 g6 6. Qb3 Bg7 7. cxd5 O-O 8. Be2 a5 9. a4 Na6 10. Bf3 Nb4 11. Nge2 Nd3+ 12. Kf1 Nb4 13. Bf4 Bf5 14. d6 exd6 15. Nb5 Be4 16. Bxd6 Re8 17. Be5 Bc2 18. Qc3 Nfd5 19. Qd2 Bxe5 20. dxe5 Rxe5 21. Kg1 Qb6 22. Nec3 Nxc3 23. bxc3 Rd8 24. Qe3 Rxe3 0-1


[Site "https://www.chess.com"]

[Event "Titled Tuesday Blitz October 31 Late 2023"]
[White "Dmitrenko, Viktor"]
[Black "NelsonLinda"]
[WhiteFideId "14110270"]
[WhiteElo "2389"]
[BlackElo "2590"]
[Result "0-1"]
[Round "8"]
[TimeControl "180+1"]
[Date "2023.10.31"]
[WhiteClock "0:00:00"]
[BlackClock "0:00:23"]
[Board "56"]

1. d4 d6 2. Nf3 Nf6 3. Bg5 Nbd7 4. Nbd2 h6 5. Bh4 e5 6. e3 Be7 7. c3 O-O 8. Be2 b6 9. a4 a6 10. O-O Bb7 11. a5 b5 12. c4 bxc4 13. Nxc4 exd4 14. Nxd4 Ne4 15. Bxe7 Qxe7 16. Bf3 Ne5 17. Nxe5 Qxe5 18. Qc2 c5 19. Ne2 Rab8 20. Rfd1 Nf6 21. Bxb7 Rxb7 22. Nc3 Rfb8 23. Rab1 Rb3 24. Qd3 Rxb2 25. Rxb2 Rxb2 26. Na4 Rb5 27. Nb6 d5 28. f4 Qe6 29. Qc3 c4 30. h3 Rb3 31. Qd4 Rxe3 32. Qc5 Re1+ 33. Rxe1 Qxe1+ 34. Kh2 Qe4 35. Qd6 c3 36. Nc8 c2 37. Ne7+ Kh7 0-1


[Site "https://www.chess.com"]

[Event "Titled Tuesday Blitz October 31 Late 2023"]
[White "Florianovitz, Derlei Alex"]
[Black "Ezat, Mohamed"]
[WhiteFideId "2114178"]
[BlackFideId "10600906"]
[WhiteElo "2289"]
[BlackElo "2590"]
[Result "0-1"]
[Round "8"]
[TimeControl "180+1"]
[Date "2023.10.31"]
[WhiteClock "0:00:07"]
[BlackClock "0:00:18"]
[Board "57"]

1. e4 e5 2. Nf3 Nc6 3. Bb5 Nge7 4. O-O a6 5. Ba4 g6 6. c4 Bg7 7. Nc3 O-O 8. d3 h6 9. h3 d6 10. a3 f5 11. Bc2 f4 12. b4 g5 13. Nh2 Nd4 14. Ne2 f3 15. Nxd4 fxg2 16. Kxg2 exd4 17. f4 Ng6 18. f5 Ne5 19. Qh5 Bd7 20. Ng4 Nxg4 21. hxg4 Qf6 22. Bd2 Rae8 23. Bb3 Kh8 24. Rh1 Bc6 25. Bxg5 Rxe4 26. dxe4 Bxe4+ 27. Kf2 Qe5 28. Bxh6 Kg8 29. Bxg7 Qf4+ 30. Ke2 Qf3+ 31. Ke1 Qc3+ 32. Kf2 Qd2+ 33. Kg3 Qe3+ 34. Kh4 Qf2+ 35. Kg5 Qe3+ 36. Kg6 Bxf5+ 37. gxf5 Qe8+ 38. Kg5 Qe3+ 39. Kg4 Qe4+ 40. Kg3 Qe3+ 41. Qf3 Qg5+ 42. Kf2 Rxf5 43. Qxf5 Qxf5+ 44. Ke2 Qe4+ 45. Kd2 Qe3+ 46. Kc2 Qc3+ 47. Kd1 Qxa1+ 48. Kd2 Qc3+ 49. Ke2 Qxb3 50. Rg1 Qe3+ 51. Kf1 Qxg1+ 52. Kxg1 Kxg7 53. Kf1 c5 54. Ke2 Kf6 55. Kd3 Ke5 56. bxc5 dxc5 57. a4 b6 58. a5 bxa5 59. Ke2 a4 0-1


[Site "https://www.chess.com"]

[Event "Titled Tuesday Blitz October 31 Late 2023"]
[White "Kashefi, Amir Hosein"]
[Black "Curtis, John"]
[WhiteFideId "12557935"]
[BlackFideId "3200256"]
[WhiteElo "2589"]
[BlackElo "2192"]
[Result "1-0"]
[Round "8"]
[TimeControl "180+1"]
[Date "2023.10.31"]
[WhiteClock "0:01:08"]
[BlackClock "0:00:00"]
[Board "58"]

1. d4 g6 2. Nf3 Bg7 3. g3 c5 4. Bg2 cxd4 5. Nxd4 Nc6 6. Nf3 d5 7. O-O Nf6 8. c4 O-O 9. Na3 Be6 10. Ng5 dxc4 11. Nxe6 fxe6 12. Nxc4 e5 13. b3 e4 14. Bb2 Qxd1 15. Raxd1 Rad8 16. Bh3 Nh5 17. Be6+ Kh8 18. Ba3 b5 19. Ne3 b4 20. Bc1 Nd4 21. Bc4 e5 22. Nd5 Nf6 23. Nxb4 a5 24. Na6 Nd5 25. Ba3 Rg8 26. e3 Nf3+ 27. Kg2 Nc3 28. Rc1 Nxa2 29. Ra1 Nb4 30. Bxb4 axb4 31. Bxg8 Kxg8 32. Nxb4 Nd2 33. Rfd1 Bf8 34. Nc6 Rd5 35. Ra8 Kg7 36. Rda1 Bc5 37. b4 Bb6 38. R1a6 Nc4 39. Rc8 Rd2 40. Kf1 Bxe3 41. fxe3 Nxe3+ 42. Ke1 Rc2 43. Ra3 Nd5 44. Ne7 Nxb4 45. Ra7 1-0


[Site "https://www.chess.com"]

[Event "Titled Tuesday Blitz October 31 Late 2023"]
[White "Mmukka"]
[Black "Djordjevic, Vuk"]
[BlackFideId "902098"]
[WhiteElo "2469"]
[BlackElo "2752"]
[Result "1-0"]
[Round "8"]
[TimeControl "180+1"]
[Date "2023.10.31"]
[WhiteClock "0:00:14"]
[BlackClock "0:00:00"]
[Board "59"]

1. e4 e6 2. d4 d5 3. Nc3 Bb4 4. Ne2 dxe4 5. a3 Bxc3+ 6. Nxc3 Nc6 7. Bb5 Ne7 8. Bg5 f6 9. Be3 f5 10. Qd2 O-O 11. O-O-O a6 12. Bxc6 Nxc6 13. f3 exf3 14. gxf3 Ne7 15. Bg5 Qe8 16. Rhg1 Rf7 17. Rde1 c6 18. Na4 Kh8 19. Nb6 Ra7 20. Nc4 Rf8 21. Qf4 Ng6 22. Qb8 b5 23. Qxa7 bxc4 24. h4 h6 25. Bd2 Rf7 26. Qc5 Nxh4 27. Rg3 Kh7 28. Reg1 Qd8 29. Qe5 Qf8 30. Qf4 g5 31. Qe5 Ng6 32. Qe2 f4 33. Rh3 e5 34. Rhh1 g4 35. fxg4 f3 36. Qf2 Nf4 37. dxe5 Ne2+ 38. Kb1 Kg8 39. Re1 Bxg4 40. Bxh6 Rf6 41. exf6 1-0


[Site "https://www.chess.com"]

[Event "Titled Tuesday Blitz October 31 Late 2023"]
[White "Mazurkiewicz, Michal"]
[Black "Djokic, Mihailo"]
[WhiteFideId "1124943"]
[BlackFideId "976440"]
[WhiteElo "2451"]
[BlackElo "2717"]
[Result "1/2-1/2"]
[Round "8"]
[TimeControl "180+1"]
[Date "2023.10.31"]
[WhiteClock "0:00:07"]
[BlackClock "0:00:58"]
[Board "60"]

1. e4 c5 2. Nf3 d6 3. g3 Nc6 4. Bg2 g6 5. O-O Bg7 6. d3 Nf6 7. Re1 O-O 8. e5 dxe5 9. Nxe5 Nd4 10. c3 Ne6 11. Nd2 Qb6 12. Ndc4 Qa6 13. a4 Rd8 14. b4 cxb4 15. cxb4 Nd4 16. b5 Nxb5 17. axb5 Qxa1 18. Qb3 Be6 19. Bd2 Qd4 20. Bxb7 Rab8 21. Bc6 Qc5 22. Be3 Qxe5 23. Nxe5 Bxb3 24. Bxa7 Rbc8 25. b6 Bd5 26. b7 Rxc6 27. Nxc6 Bxc6 28. b8=Q Rxb8 29. Bxb8 Nd5 30. Be5 f6 31. Bd4 Kf7 32. Bc5 e5 33. d4 Nb4 34. Rb1 Nd3 35. Rb6 Be4 36. Ra6 Nxc5 37. dxc5 Bf8 38. c6 Bd6 39. c7 Bxc7 40. Ra7 h5 41. Rxc7+ Ke6 42. Ra7 Kf5 43. Ra3 Bd5 44. f3 g5 45. Kf2 Bc6 46. h3 Bd7 47. Ra6 Kg6 48. g4 h4 49. Rd6 Bb5 50. Ke3 Ba4 51. Rd2 Kf7 52. Ra2 Bb3 53. Ra3 Bc4 54. Ra5 Bf1 55. Ke4 Kg6 56. Ra8 Bxh3 57. Rg8+ Kf7 58. Rh8 Bf1 59. Rh7+ Ke6 60. Rh6 Bb5 61. Ke3 Bc6 62. Kf2 Kf7 63. Rh8 Kg7 64. Rb8 Bd5 65. Rc8 Kg6 66. Rc7 Bf7 67. Rb7 Be6 68. Rc7 Bd5 69. Rc5 Ba8 70. Ra5 Bb7 71. Rb5 Bc6 72. Rc5 Ba4 73. Kg2 Bd1 74. Rc1 Be2 75. Rc2 Bd3 76. Rc3 e4 77. fxe4 Bxe4+ 78. Kh3 Kf7 79. Re3 Bd5 80. Rd3 Ke6 81. Re3+ Kd6 82. Rd3 Ke5 83. Rd1 Be4 84. Rf1 Bd5 85. Rf5+ Ke6 86. Rf2 Bc4 87. Rf3 Ke5 88. Rf5+ Ke6 89. Rf2 Ba6 90. Rf3 Bb5 91. Rf2 Kf7 92. Rf3 Kg6 93. Rf2 Bc6 94. Rf1 Bd7 95. Rf2 Be6 96. Rf1 Bd5 97. Rf2 Be4 98. Re2 Bd3 99. Rf2 Be4 100. Re2 f5 101. gxf5+ Bxf5+ 102. Kh2 g4 103. Ra2 Kg5 104. Ra4 Bg6 105. Rb4 Bf5 106. Ra4 Be6 107. Rb4 g3+ 108. Kg2 Bd5+ 109. Kh3 Be6+ 110. Kg2 Bf5 111. Ra4 Bc2 112. Rb4 Bd3 113. Ra4 Bb1 114. Rb4 Bg6 115. Kh3 Bf5+ 116. Kg2 Bd7 117. Rc4 Be6 118. Rb4 1/2-1/2


[Site "https://www.chess.com"]

[Event "Titled Tuesday Blitz October 31 Late 2023"]
[White "Abduzhaparov"]
[Black "Rosen, Eric"]
[BlackFideId "2032562"]
[WhiteElo "2447"]
[BlackElo "2650"]
[Result "0-1"]
[Round "8"]
[TimeControl "180+1"]
[Date "2023.10.31"]
[WhiteClock "0:00:01"]
[BlackClock "0:00:09"]
[Board "61"]

1. Nf3 d5 2. c4 e6 3. g3 Nf6 4. Bg2 dxc4 5. Qa4+ Nbd7 6. Qxc4 a6 7. Qc2 c5 8. d4 b5 9. Ne5 Nd5 10. O-O Bb7 11. Nc3 cxd4 12. Nxd5 Rc8 13. Qb3 Bxd5 14. Bxd5 Nxe5 15. Bb7 Rb8 16. Bg2 Bd6 17. Rd1 Qb6 18. Bf4 O-O 19. Bxe5 Bxe5 20. Rd3 Rfd8 21. Rad1 Bf6 22. a4 bxa4 23. Qxa4 Qxb2 24. Qxa6 Qxe2 25. Bf3 Qb2 26. h4 Qb6 27. Qa2 Qc5 28. h5 Qf5 29. Qe2 h6 30. Bg4 Qd5 31. Bf3 Qd6 32. Be4 Qc5 33. Qg4 Rb5 34. Rf3 Qxh5 35. Qf4 Qe5 36. Qg4 h5 37. Qf4 Qxf4 38. Rxf4 Rb3 39. Rf3 Rxf3 40. Bxf3 g6 41. Kf1 Rc8 42. Be4 Rc7 43. Ke2 Kg7 44. Rd2 Ra7 45. Kd3 Ra3+ 46. Ke2 Rc3 47. Rd3 Rc2+ 48. Rd2 Rc1 49. Rd1 Rc7 50. Rd2 Be5 51. Rc2 Rxc2+ 52. Bxc2 Bc7 53. Kf3 f5 54. Bd3 e5 55. Bc4 e4+ 56. Kg2 Kf6 57. f3 d3 58. g4 hxg4 59. fxg4 Ke5 60. gxf5 gxf5 61. Kf1 Kd4 62. Be6 f4 63. Bf5 f3 64. Bg6 e3 65. Ke1 Bg3+ 66. Kd1 e2+ 0-1


[Site "https://www.chess.com"]

[Event "Titled Tuesday Blitz October 31 Late 2023"]
[White "Zeynalli, Rashad"]
[Black "Figorito, Nick"]
[WhiteFideId "13403320"]
[BlackFideId "30923689"]
[WhiteElo "2622"]
[BlackElo "2445"]
[Result "1-0"]
[Round "8"]
[TimeControl "180+1"]
[Date "2023.10.31"]
[WhiteClock "0:00:09"]
[BlackClock "0:00:14"]
[Board "62"]

1. e4 e6 2. d4 d5 3. Nc3 Bb4 4. e5 c5 5. a3 Bxc3+ 6. bxc3 Ne7 7. h4 Qa5 8. Bd2 Qa4 9. Nf3 b6 10. h5 h6 11. Rh4 Nf5 12. Rf4 c4 13. g4 Ne7 14. g5 Nf5 15. Bh3 Nc6 16. Bxf5 exf5 17. gxh6 Rxh6 18. Nh4 Ne7 19. Ra2 Be6 20. Ng2 O-O-O 21. Rh4 Rh7 22. Bg5 Qd7 23. Nf4 Rdh8 24. Bxe7 Qxe7 25. Rh3 Qg5 26. Qf3 Qg1+ 27. Kd2 Qb1 28. Nxd5 Bxd5 29. Qxd5 Qxa2 30. Qxf7 Qxa3 31. d5 Qc5 32. d6 Kb8 33. Rf3 Rxh5 34. Qxg7 Qd5+ 35. Ke2 Qe4+ 36. Re3 Qxc2+ 37. Kf3 Rh3+ 38. Kf4 R8h4+ 39. Kg5 Rg4+ 40. Kf6 Rxg7 41. Rxh3 Rg8 42. Kf7 Rc8 43. d7 Rc7 44. Rh8+ Kb7 45. e6 Qe4 46. Kf6 Rc6 47. Re8 Rd6 48. d8=Q Rxd8 49. Rxd8 Qf4 50. e7 Qf3 51. e8=Q Qxc3+ 52. Kf7 Qc2 53. Qe7+ Ka6 54. Qe6 Kb5 55. Qd5+ Kb4 56. Qd6+ Kb3 57. Re8 c3 58. f4 Qd2 59. Qe6+ Kb2 60. Qe5 Kc2 61. Qxf5+ Kb2 62. Qe5 Kb1 63. Qe1+ Qxe1 64. Rxe1+ Kb2 65. f5 c2 66. f6 c1=Q 67. Rxc1 Kxc1 68. Ke6 b5 69. f7 b4 70. f8=Q b3 71. Qa3+ Kc2 72. Kd5 b2 73. Qa2 Kc1 74. Qc4+ Kd1 75. Qb3+ Kc1 76. Qc3+ Kb1 77. Kc4 Ka2 78. Qc2 Ka3 79. Qb3# 1-0


[Site "https://www.chess.com"]

[Event "Titled Tuesday Blitz October 31 Late 2023"]
[White "Skatchkov, Valery"]
[Black "Yeritsyan, Hayk"]
[WhiteFideId "24195812"]
[BlackFideId "13307320"]
[WhiteElo "2582"]
[BlackElo "2445"]
[Result "1-0"]
[Round "8"]
[TimeControl "180+1"]
[Date "2023.10.31"]
[WhiteClock "0:01:55"]
[BlackClock "0:00:00"]
[Board "63"]

1. d4 d5 2. c4 c6 3. Nf3 Nf6 4. Nc3 e6 5. g3 Nbd7 6. Bg2 Be7 7. O-O O-O 8. Qd3 b6 9. e4 Ba6 10. b3 c5 11. e5 Ne8 12. Nb5 dxc4 13. bxc4 Nc7 14. a4 Bb7 15. Nxc7 Qxc7 16. d5 exd5 17. cxd5 Nxe5 18. Nxe5 Qxe5 19. Bf4 Qh5 20. d6 Bxg2 21. dxe7 Bf3 22. exf8=Q+ Rxf8 23. Rfe1 g5 24. Be5 g4 25. Bf6 h6 26. Re5 Qh3 27. Qf1 Qxf1+ 28. Kxf1 Kh7 29. Rae1 Kg6 30. Be7 Rc8 31. h4 c4 32. h5+ Kh7 33. Bf6 c3 34. Re8 1-0


[Site "https://www.chess.com"]

[Event "Titled Tuesday Blitz October 31 Late 2023"]
[White "Makaraci, Tunahan"]
[Black "balachess2006"]
[WhiteFideId "6356559"]
[WhiteElo "2445"]
[BlackElo "2579"]
[Result "1-0"]
[Round "8"]
[TimeControl "180+1"]
[Date "2023.10.31"]
[WhiteClock "0:01:06"]
[BlackClock "0:02:03"]
[Board "64"]

1. e4 c5 2. c3 Nf6 3. e5 Nd5 4. Nf3 Nc6 5. Bc4 Nb6 6. Bb3 d5 7. exd6 Qxd6 8. O-O Bf5 9. d4 cxd4 10. Nxd4 Nxd4 11. cxd4 e6 12. Nc3 Be7 13. a4 O-O 14. a5 Nd5 15. Bxd5 exd5 16. Qf3 Be6 17. Re1 Bf6 18. Be3 Rfd8 19. Na4 b6 20. Bf4 Qb4 21. Be5 Bxe5 22. dxe5 d4 23. Qa3 Qxa5 24. b4 Qb5 25. Rad1 a5 26. Nb2 Qxb4 27. Qxb4 axb4 28. Nd3 b3 29. Nf4 b2 30. Nxe6 fxe6 31. Rb1 Ra2 32. Kf1 d3 33. Red1 Kf7 34. Rd2 Kg6 35. Ke1 Kf5 36. Rdxb2 Rxb2 37. Rxb2 d2+ 38. Kd1 Kxe5 39. Rxb6 Kf6 40. g3 g5 41. Rb2 Kf5 42. f3 g4 43. Rb5+ Rd5 44. Rxd5+ exd5 45. f4 1-0


[Site "https://www.chess.com"]

[Event "Titled Tuesday Blitz October 31 Late 2023"]
[White "Belenkaya, Dina"]
[Black "Hajiyev, Kanan"]
[WhiteFideId "24142654"]
[BlackFideId "13404148"]
[WhiteElo "2443"]
[BlackElo "2566"]
[Result "1-0"]
[Round "8"]
[TimeControl "180+1"]
[Date "2023.10.31"]
[WhiteClock "0:00:47"]
[BlackClock "0:00:00"]
[Board "65"]

1. g3 d5 2. Bg2 Nf6 3. Nf3 g6 4. d3 Bg7 5. Nbd2 O-O 6. O-O b6 7. e4 Bb7 8. e5 Nfd7 9. Qe2 c5 10. e6 fxe6 11. Ng5 e5 12. Ne6 Qc8 13. Nxf8 Qxf8 14. Nf3 Nc6 15. Ng5 Nd8 16. c4 h6 17. Nh3 e6 18. f4 Qe7 19. Bd2 Nc6 20. cxd5 Nd4 21. Qe4 Kh7 22. d6 Bxe4 23. dxe7 Bxg2 24. Kxg2 Re8 25. Bc3 Nc2 26. Rae1 Nxe1+ 27. Rxe1 exf4 28. Nxf4 Rxe7 29. Nxe6 Bf6 30. Bxf6 Nxf6 31. Nf8+ Kg7 32. Rxe7+ Kxf8 33. Rxa7 1-0


[Site "https://www.chess.com"]

[Event "Titled Tuesday Blitz October 31 Late 2023"]
[White "Ordekalog"]
[Black "hristos03"]
[WhiteElo "2563"]
[BlackElo "2439"]
[Result "1-0"]
[Round "8"]
[TimeControl "180+1"]
[Date "2023.10.31"]
[WhiteClock "0:00:01"]
[BlackClock "0:00:00"]
[Board "66"]

1. d4 Nf6 2. c4 e6 3. Nc3 Bb4 4. Bd2 O-O 5. e3 b6 6. Nf3 Bb7 7. Rc1 c5 8. Bd3 cxd4 9. exd4 d5 10. O-O dxc4 11. Bxc4 Nc6 12. a3 Be7 13. Bg5 Rc8 14. Ba2 Ne8 15. Be3 Nf6 16. Qd3 g6 17. Bh6 Re8 18. Rfe1 Qd6 19. Rcd1 Rcd8 20. Nb5 Qb8 21. h3 Nd5 22. Re4 Bf6 23. Rde1 a6 24. Nc3 Nce7 25. Rg4 Nf5 26. Bg5 Bxg5 27. Nxg5 Nf6 28. Bb1 Nxg4 29. hxg4 Nxd4 30. Qh3 Qf4 31. Re5 Ne2+ 32. Kf1 Rd2 33. Qxh7+ Kf8 34. Rxe2 Rxe2 35. Nxe2 Qxg5 36. Qh8+ Ke7 37. Qh3 Rd8 38. Bc2 Qc5 39. Qc3 Rc8 40. Ke1 Qb5 41. Bd3 Qxb2 42. Qxb2 Bxg2 43. Qb4+ 1-0


[Site "https://www.chess.com"]

[Event "Titled Tuesday Blitz October 31 Late 2023"]
[White "Kawuma, Patrick"]
[Black "Sargsyan, Anna M."]
[WhiteFideId "10000127"]
[BlackFideId "13308130"]
[WhiteElo "2424"]
[BlackElo "2542"]
[Result "0-1"]
[Round "8"]
[TimeControl "180+1"]
[Date "2023.10.31"]
[WhiteClock "0:00:04"]
[BlackClock "0:00:06"]
[Board "67"]

1. Nf3 d5 2. g3 Nf6 3. Bg2 g6 4. c4 c6 5. O-O Bg7 6. Qc2 O-O 7. d3 Re8 8. Bf4 Nbd7 9. cxd5 Nxd5 10. Bg5 h6 11. Bd2 e5 12. Nc3 N7f6 13. Rab1 Kh7 14. b4 Nxc3 15. Bxc3 Nd5 16. Bd2 Be6 17. a4 Rc8 18. Rfd1 a6 19. e4 Nc7 20. h3 Qd7 21. Kh2 Red8 22. Bc3 f6 23. d4 exd4 24. Nxd4 Qe7 25. f4 Bf7 26. Re1 Ne6 27. Nf3 c5 28. b5 Nd4 29. Qf2 axb5 30. axb5 Nxf3+ 31. Qxf3 c4 32. e5 f5 33. Bf1 Be6 34. Rbd1 b6 35. Bg2 Qc5 36. Qb7 Rc7 37. Qa6 Rd3 38. Ba1 Qf2 39. Rxd3 cxd3 40. Rd1 d2 41. Qa4 Qe3 42. Qd4 Qb3 43. Qxd2 Qxb5 44. Bf1 Bc4 45. Bxc4 Rxc4 46. Qg2 Qa4 47. Bd4 Qxd1 48. Bf2 Rc2 0-1


[Site "https://www.chess.com"]

[Event "Titled Tuesday Blitz October 31 Late 2023"]
[White "Ramadoss, Ashokkumar"]
[Black "Shubenkova, Veronika"]
[WhiteFideId "5040990"]
[BlackFideId "44124040"]
[WhiteElo "2393"]
[BlackElo "2532"]
[Result "0-1"]
[Round "8"]
[TimeControl "180+1"]
[Date "2023.10.31"]
[WhiteClock "0:00:03"]
[BlackClock "0:00:31"]
[Board "68"]

1. Nf3 d5 2. c4 c6 3. Qc2 Nf6 4. d4 g6 5. e3 Bf5 6. Bd3 Bxd3 7. Qxd3 Bg7 8. O-O O-O 9. Nc3 Nbd7 10. e4 dxe4 11. Nxe4 Nxe4 12. Qxe4 Re8 13. Rd1 Qa5 14. Bd2 Qh5 15. Bc3 Nf6 16. Qe2 Rad8 17. h3 Qf5 18. Re1 b5 19. Ne5 b4 20. Bxb4 Rxd4 21. Nxc6 Re4 22. Qd2 Bf8 23. Rxe4 Qxe4 24. Nxa7 Qxc4 25. Rc1 Qxa2 26. Nc6 Nd5 27. Bc5 e6 28. Bxf8 Kxf8 29. Qd4 Kg8 30. Ne5 Qa5 31. Ng4 h5 32. Nh6+ Kf8 33. Qh8+ Ke7 34. Qe5 Qd2 35. Ra1 Qxh6 36. Ra7+ Kf8 0-1


[Site "https://www.chess.com"]

[Event "Titled Tuesday Blitz October 31 Late 2023"]
[White "JackRodgers"]
[Black "UK_23"]
[WhiteElo "2524"]
[BlackElo "2390"]
[Result "0-1"]
[Round "8"]
[TimeControl "180+1"]
[Date "2023.10.31"]
[WhiteClock "0:00:00"]
[BlackClock "0:00:59"]
[Board "69"]

1. d4 d5 2. Bg5 c5 3. dxc5 h6 4. Bh4 g5 5. Bg3 Bg7 6. c3 Na6 7. h4 Nxc5 8. hxg5 hxg5 9. Rxh8 Bxh8 10. e3 Ne4 11. Qh5 Bf6 12. Qh7 Kf8 13. Nd2 Nxg3 14. fxg3 Qd6 15. Kf2 Bg4 16. Be2 Be6 17. Ngf3 b5 18. Bxb5 Rb8 19. Qd3 a6 20. Bxa6 Rxb2 21. Rb1 Rxa2 22. Bb5 g4 23. Nd4 Be5 24. Ne2 Nf6 25. Rd1 Nh5 26. Qh7 Bxg3+ 27. Kf1 Nf6 28. Qh8+ Ng8 29. Bd3 Qe5 30. Qh7 Qxe3 0-1


[Site "https://www.chess.com"]

[Event "Titled Tuesday Blitz October 31 Late 2023"]
[White "Osmak, Yuliia"]
[Black "Colivet Gamboa, Julio Cesar"]
[WhiteFideId "14101602"]
[BlackFideId "3949583"]
[WhiteElo "2521"]
[BlackElo "2386"]
[Result "1-0"]
[Round "8"]
[TimeControl "180+1"]
[Date "2023.10.31"]
[WhiteClock "0:01:29"]
[BlackClock "0:01:44"]
[Board "70"]

1. e4 c5 2. Nf3 Nc6 3. Bb5 g6 4. O-O Bg7 5. Re1 Nf6 6. c3 O-O 7. d4 cxd4 8. cxd4 d5 9. e5 Ne4 10. Nbd2 Nxd2 11. Bxd2 Bg4 12. Bxc6 bxc6 13. h3 Bxf3 14. Qxf3 Qb6 15. b4 Qxd4 16. Bc3 Qc4 17. Rec1 e6 18. a4 Rab8 19. Qe3 Rb7 20. Bd4 Qxb4 21. Bc5 Qh4 22. Bxf8 Bxf8 23. Rxc6 d4 24. Qf3 a5 25. Rc8 Kg7 26. Qxb7 1-0


[Site "https://www.chess.com"]

[Event "Titled Tuesday Blitz October 31 Late 2023"]
[White "Lalanne, Pablo"]
[Black "Reprintsev, Alexander"]
[WhiteFideId "112151"]
[BlackFideId "14100541"]
[WhiteElo "2348"]
[BlackElo "2508"]
[Result "0-1"]
[Round "8"]
[TimeControl "180+1"]
[Date "2023.10.31"]
[WhiteClock "0:00:07"]
[BlackClock "0:00:10"]
[Board "71"]

1. e4 d5 2. exd5 Qxd5 3. Nc3 Qa5 4. d4 Nf6 5. Nf3 Nc6 6. Bb5 Ne4 7. Qd3 Nxc3 8. bxc3 a6 9. Bxc6+ bxc6 10. O-O Bf5 11. Qe3 e6 12. c4 Be7 13. Ne5 Qa4 14. c3 O-O 15. g4 Bc2 16. Qf3 c5 17. d5 Bf6 18. Bf4 Bxe5 19. Bxe5 Qxc4 20. d6 Be4 21. Qg3 cxd6 22. Bxd6 Rfd8 23. Rad1 Bd5 24. Rfe1 Qxa2 25. Bxc5 Rac8 26. Bd4 Qc2 27. Ra1 h6 28. Rxa6 Qg6 29. h3 f6 30. Raa1 e5 31. Bb6 Re8 32. Ra7 Ra8 33. Rea1 Rxa7 34. Bxa7 Qe4 35. f3 Qc2 36. Qf2 Qxc3 37. Rd1 Qxf3 38. Qxf3 Bxf3 39. Rd3 e4 40. Rd7 Rc8 41. Kf2 Rc2+ 42. Ke3 Rh2 43. Rd8+ Kh7 44. Bd4 Rxh3 45. Rd7 Kg6 46. g5 Bg4+ 47. Kxe4 Bxd7 48. gxf6 gxf6 49. Kf4 f5 50. Be5 Be8 51. Bd6 Rh4+ 52. Ke5 Re4+ 53. Kd5 Bf7+ 54. Kc5 Rc4+ 55. Kb5 h5 0-1


[Site "https://www.chess.com"]

[Event "Titled Tuesday Blitz October 31 Late 2023"]
[White "Buscar, Michael"]
[Black "Seletsky, Grigory"]
[WhiteFideId "2603616"]
[BlackFideId "14112191"]
[WhiteElo "2347"]
[BlackElo "2481"]
[Result "0-1"]
[Round "8"]
[TimeControl "180+1"]
[Date "2023.10.31"]
[WhiteClock "0:00:01"]
[BlackClock "0:00:40"]
[Board "72"]

1. d4 Nf6 2. c4 c5 3. d5 b5 4. cxb5 a6 5. bxa6 Bxa6 6. g3 d6 7. Bg2 g6 8. Nf3 Bg7 9. O-O O-O 10. Ne1 Nbd7 11. Bd2 Nb6 12. Bc3 Bb7 13. a4 Qd7 14. a5 Nbxd5 15. Bxd5 Nxd5 16. Bxg7 Kxg7 17. Nc2 Qc6 18. f3 Ba6 19. Qd2 Rfb8 20. Nc3 Nb4 21. Nxb4 Rxb4 22. Rfc1 Rab8 23. Rc2 Qb7 24. Ra2 Bc4 25. Ra4 Bb3 26. Rxb4 cxb4 27. Ne4 Bxc2 28. Qxc2 Rc8 29. Qa4 d5 30. Nf2 Qa6 31. Nd3 b3 32. Qd4+ Kg8 33. Qxd5 Rc2 34. Kf2 Qa7+ 35. Ke1 Qe3 36. Nf2 Qxe2# 0-1


[Site "https://www.chess.com"]